 Seeded DCSS version 0.30-a0-715-gdb4ae3ece1 (webtiles) character file.

Game seed: 17687520606925126856 (custom seed)

7213 BigDaddyOpFi the Thaumaturge (level 11, -7/58 HPs)
             Began as a Djinni Summoner on Jan 23, 2023.
             Was a Believer of Hepliaklqana.
             Mangled by a yak (13 damage)
             ... on level 9 of the Dungeon.
             The game lasted 00:23:34 (13149 turns).

BigDaddyOpFi the Thaumaturge (Djinni Summoner)     Turns: 13149, Time: 00:23:35

Health: -7/58      AC:  3    Str: 10 (11) XL:     11   Next: 33%
Gold:   418        EV: 20    Int: 17 (19) God:    Hepliaklqana [**....] SH:  0 Dex: 11 (14)

rFire   + + .      SeeInvis .    d - +5 dagger (venom)
rCold   x . .      Faith    .    (no shield)
rNeg    . . .      Spirit   .    a - +1 robe
rPois   ∞          Reflect  .    (no helmet)
rElec   .          Harm     .    (no cloak)
rCorr   .          Rampage  .    (no gloves)
Will    ++...      Clarity  +    (boots unavailable)
Stlth   +++                      f - amulet of regeneration
HPRegen 1.09/turn                g - +5 ring of evasion
MPRegen 0.00/turn                i - ring of willpower

@: flying
A: reduced essence, sickness immunity, fire resistance 2, cold vulnerability 1,
float, innate caster, HP casting, extra vitality 1, clarity, strong 1,
MP-powered wands
a: Renounce Religion, Recall Ancestor, Ancestor Identity


You were on level 9 of the Dungeon.
You worshipped Hepliaklqana.
Hepliaklqana was pleased with you.
You visited 2 branches of the dungeon, and saw 10 of its levels.
You also visited: Ossuary.

You collected 418 gold pieces.

Inventory:

Hand Weapons
 c - a +1 war axe of electrocution
 d - a +5 dagger of venom (weapon)
Missiles
 p - 3 throwing nets
Armour
 a - a +1 robe (worn)
Jewellery
 f - an amulet of regeneration (around neck)
 g - a +5 ring of evasion (left hand)
 i - a ring of willpower (right hand)
 k - a ring of willpower
 u - an amulet of reflection
 v - a ring of ice
 B - a ring of protection from cold
Wands
 h - a wand of flame (4)
 r - a wand of paralysis (23)
 s - a wand of acid (16)
 z - a wand of mindburst (19)
Scrolls
 e - 4 scrolls of teleportation
 j - 2 scrolls of poison
 w - 2 scrolls of fog
 x - a scroll of enchant weapon
 y - a scroll of noise
 A - a scroll of summoning
Potions
 b - 2 potions of magic
 l - a potion of brilliance
 m - a potion of invisibility
 n - 2 potions of ambrosia
 o - 2 potions of flight
 q - a potion of attraction
 t - a potion of might
 E - 4 potions of curing


   Skills:
 + Level 8.6 Dodging
 + Level 7.1 Stealth
 + Level 11.5 Spellcasting


You had 6 spell levels left.
You knew the following spells:

 Your Spells              Type           Power      Damage    Failure   Level
a - Summon Small Mammal   Summ           100%       N/A       1%          1
b - Call Imp              Summ           48%        N/A       1%          2
c - Call Canine Familiar  Summ           48%        N/A       1%          3
d - Summon Guardian Gole  Hex/Summ       48%        N/A       1%          3
e - Summon Lightning Spi  Summ/Air       48%        N/A       1%          4
f - Necrotise             Necr           100%       1d9       1%          1
g - Passwall              Tmut/Erth      40%        N/A       1%          2
h - Ignite Poison         Fire/Tmut/Pois 48%        N/A       1%          3
i - Inner Flame           Hex/Fire       48%        N/A       1%          3
j - Yara's Violent Unrav  Hex/Tmut       24%        3d11      1%          5
Your spell library was empty.

Dungeon Overview and Level Annotations

Branches:
Dungeon (9/15)             Temple (1/1) D:6         Ossuary (visited)
   Lair: D:8-11         Orc: D:9-12

Altars:
Ashenzari
Cheibriados
Dithmenos
Elyvilon
Gozag
Hepliaklqana
Makhleb
Nemelex Xobeh
Qazlal
Ru
Uskayaw
Xom
Yredelemnul
Zin

Shops:
D:3 :   D:6 [(*   D:7 *   D:8 :(   D:9 =


Innate Abilities, Weirdness & Mutations

Your life essence is reduced to manifest your ancestor. (-10% HP)
You are immune to sickness and miasma.
You are immune to poison.
Your flesh is very heat resistant. (rF++)
You are vulnerable to cold. (rC-)
You float through the air rather than walking.
You learn spells naturally, not from books.
Your magical power is your life essence.
You have superior vitality. (+4 MHP)
You possess an exceptional clarity of mind.
Your muscles are strong. (Str +4, Int/Dex -1)
You expend health (3 HP) to strengthen your wands.


Message History

Shatu-murrim points at the killer bee and mumbles some strange words.
The killer bee seems to slow down.
The killer bee completely misses you. x2
You puncture the killer bee!
The killer bee is poisoned.
The killer bee is severely wounded.
You kill the killer bee!
The killer bee closely misses you.
Shatu-murrim hits the killer bee with a +0 dagger of draining!
Shatu-murrim drains the killer bee.
The killer bee stings you.
Shatu-murrim hits the killer bee with a +0 dagger of draining.
The killer bee dies! 5 yaks come into view.
Found an escape hatch in the floor.
The yak bellows! x4
The yak barely misses you. The yak closely misses you.
What are your orders? t - Shout!
Orders for allies: a - Attack new target. r - Retreat! s - Stop attacking. g - Guard the area. f - Follow me.
Anything else - Cancel.
Okay, then.
Found a scroll labelled SUESOAGEWN.
Shatu-murrim casts a spell at the yak.
The yak resists with some effort.
The yak completely misses you. The yak gores you!
What are your orders? t - Shout!
Orders for allies: a - Attack new target. r - Retreat! s - Stop attacking. g - Guard the area. f - Follow me.
Anything else - Cancel.
Gang up on whom?
Press: ? - help, Dir - move target, f - yak
Aim: a yak (ally target) Attack!
The yak misses you. The yak gores you!
* * * LOW HITPOINT WARNING * * *
Shatu-murrim hits the yak with a +0 dagger of draining.
The yak gores you!
You die...

. #...#.... ###
#####........ #.
#.###............
##...##......#.........
#......@.9...#.........
#.....YYYR...#.........
#.....#..##....)........
##....Y..###...†...# .
......Y#.. #...†...#
?..>...#.###......##
.......#...!.....#######
.#.....#.#..#..#....##..
#..####....#...


You could see the friendly Shatu-murrim the hexer (sheltered), 5 yaks and a
friendly guardian golem (summoned, inner flame).

Vanquished Creatures
  2 steam dragons
  Edmund (D:6)
  A sky beast (D:6)
  A phantom (D:5)
  A killer bee (D:9)
  A hound (D:6)
  A gnoll bouda (D:6)
  3 orc priests
  2 iguanas
  3 orc wizards
  5 gnolls
  4 adders
  A shadow imp (D:5)
  A dart slug (D:3)
  13 orcs
  3 ball pythons
  3 endoplasms
  7 giant cockroaches
  3 goblins (D:1)
  7 hobgoblins
  9 jackals
  2 quokkas
  3 bats
  4 frilled lizards (D:1)
  2 kobolds (D:3)
  A kobold zombie (Ossuary)
  An orc zombie (Ossuary)
  2 rats (D:1)
87 creatures vanquished.

Vanquished Creatures (collateral kills)
  2 yaks (D:6)
  Sigmund (D:6)
  A vampire (D:9)
  A shadow (D:9)
  3 steam dragons
  2 acid dragons (D:8)
  2 sky beasts
  An ogre (D:6)
  3 orc warriors
  2 centaurs
  A phantom (D:5)
  A bullfrog (D:7)
  2 necrophages
  2 gnoll sergeants
  A scorpion (D:5)
  3 water moccasin zombies (Ossuary)
  4 killer bees (D:9)
  3 howler monkeys (D:3)
  A hound (D:6)
  2 orc priests
  2 gnoll boudas
  An iguana (D:5)
  10 orc wizards
  2 mummies (Ossuary)
  5 adders
  33 gnolls
  2 adder zombies (Ossuary)
  A worm (D:4)
  45 orcs
  3 endoplasms
  2 giant cockroaches
  5 gnoll zombies (Ossuary)
  4 goblins (D:4)
  A hobgoblin (D:4)
  12 jackals
  A quokka (D:5)
  2 ball pythons (D:4)
  6 hobgoblin zombies (Ossuary)
  3 kobolds
  2 orc zombies (Ossuary)
  2 rats
182 creatures vanquished.

Vanquished Creatures (others)
  2 two-headed ogres (D:8)
  Pikel (D:7)
  Prince Ribbit (D:7)
  A yak (D:6)
  Menkaure (D:6)
  A kobold brigand (D:7)
  A bullfrog (D:7)
  A hound (D:7)
  2 ancestors (D:8)
  An orc (D:7)
  3 plants
15 creatures vanquished.

Grand Total: 284 creatures vanquished

Notes
Turn   | Place    | Note
-------+----------+-------------------------------------------
     0 | D:1      | BigDaddyOpFi the Djinni Summoner began the quest for the
                  | Orb.
     0 | D:1      | BigDaddyOpFi set off with the following spells memorised:
                  | Summon Small Mammal, Call Imp, Call Canine Familiar, Summon
                  | Guardian Golem, Summon Lightning Spire.
     0 | D:1      | Reached XP level 1. HP: 15/15 MP: 0/0
   181 | D:1      | Reached XP level 2. HP: 20/21 MP: 0/0
   470 | D:1      | Reached XP level 3. HP: 25/25 MP: 0/0
   470 | D:1      | Learned a level 1 spell: Necrotise
   603 | D:1      | You are sucked into a shaft and drop 1 floor!
  1243 | D:3      | Found Penosocw's Book Emporium.
  1309 | D:3      | Reached XP level 4. HP: 28/31 MP: 0/0
  1351 | D:3      | Reached XP level 5. HP: 32/35 MP: 0/0
  1351 | D:3      | Learned a level 2 spell: Passwall
  1601 | D:3      | Reached skill level 10 in Spellcasting
  1601 | D:3      | Reached XP level 6. HP: 30/40 MP: 0/0
  2596 | D:3      | Reached XP level 7. HP: 34/45 MP: 0/0
  2596 | D:3      | Learned a level 3 spell: Ignite Poison
  5488 | D:5      | Entered Level 5 of the Dungeon
  5518 | D:5      | Reached XP level 8. HP: 50/50 MP: 0/0
  5728 | D:5      | Reached skill level 5 in Dodging
  6517 | D:6      | Found a hide-covered altar of Uskayaw.
  6759 | D:6      | Found Ofeq's General Store.
  6759 | D:6      | Found an opulent altar of Gozag.
  6760 | D:6      | Found a glowing silver altar of Zin.
  6784 | D:6      | Reached XP level 9. HP: 40/55 MP: 0/0
  6784 | D:6      | Learned a level 3 spell: Inner Flame
  7037 | D:6      | Noticed Menkaure
  7039 | D:6      | Noticed Edmund
  7055 | D:6      | Killed Menkaure
  7055 | D:6      | Killed Edmund
  7436 | D:6      | Found a basalt altar of Yredelemnul.
  7478 | D:6      | Found a staircase to the Ecumenical Temple.
  7497 | D:6      | Reached skill level 5 in Stealth
  7918 | Temple   | Entered the Ecumenical Temple
  7943 | Temple   | Became a worshipper of Hepliaklqana the Forgotten
  8067 | D:6      | Found Tacar's Weapon Emporium.
  8090 | D:6      | Found Nastron's Armour Shoppe.
  8139 | D:6      | Noticed Sigmund
  8163 | D:6      | Killed Sigmund
  8344 | D:6      | Found a shadowy altar of Dithmenos.
  8346 | D:6      | Found a broken altar of Ashenzari.
  8389 | D:7      | Noticed Prince Ribbit
  8389 | D:7      | Noticed Pikel
  8407 | D:7      | Killed Pikel
  8408 | D:7      | Reached XP level 10. HP: 60/60 MP: 0/0
  8464 | D:7      | Killed Prince Ribbit
  8466 | D:7      | Identified the +1 scale mail "Ammy" {-Cast rElec Regen+
                  | Stlth+}
  8504 | D:7      | Reached skill level 11 in Spellcasting
  8792 | D:7      | Found a sand-covered staircase.
  8831 | Ossuary  | Entered an ossuary
  9539 | Ossuary  | Gained mutation: You sometimes lose your temper in combat.
                  | [potion of mutation]
  9540 | Ossuary  | Lost mutation: You sometimes lose your temper in combat.
                  | [potion of mutation]
  9540 | Ossuary  | Gained mutation: You possess an exceptional clarity of
                  | mind. [potion of mutation]
  9540 | Ossuary  | Gained mutation: You expend health (3 HP) to strengthen
                  | your wands. [potion of mutation]
  9540 | Ossuary  | Gained mutation: Your muscles are strong. (Str +4, Int/Dex
                  | -1) [potion of mutation]
 10250 | D:7      | Found Guih's Assorted Antiques.
 10351 | D:7      | Reached * piety under Hepliaklqana
 10714 | D:8      | Noticed a two-headed ogre
 10745 | D:8      | Killed a two-headed ogre
 11196 | D:8      | Found a burning altar of Makhleb.
 11258 | D:8      | Found Fuediej's Book Emporium.
 11265 | D:8      | Found Paovu's Antique Weapon Boutique.
 11476 | D:8      | Reached XP level 11. HP: 58/58 MP: 0/0
 11476 | D:8      | Learned a level 5 spell: Yara's Violent Unravelling
 12299 | D:9      | Noticed a two-headed ogre
 12475 | D:8      | Killed a two-headed ogre
 12874 | D:9      | Found Fianab's Jewellery Boutique.
 13110 | D:9      | Reached ** piety under Hepliaklqana
 13111 | D:9      | Remembered your ancestor Shatu-murrim as a hexer
 13149 | D:9      | Mangled by a yak

Illustrated notes

Levels and vault maps discovered:
D:1:      dpeg_arrival_houses_and_road, layout_loops_ring, hex_medium,
          nicolae_titane
D:2:      layout_loops_cross, grunt_ministairs_8
D:3:      lemuel_castle_with_subvaults [lemuel_castle_interior_carwin_2],
          layout_basic, serial_shops, shop_statue
D:4:      layout_basic, grunt_ministairs_13, nrook_campfire, st_stairs_11
D:5:      layout_rooms
D:6:      layout_basic, kennysheep_mini_moat, grunt_temple_overflow_open,
          minmay_temple_entry_sparse_star, serial_shops,
          nicolae_shop_bloodbath_and_beyond, nicolae_shop_hallway_stairs,
          nicolae_shop_hallway_stairs, nicolae_benzene_ring,
          chequers_serial_rivers_micro_e, uniq_menkaure, uniq_sigmund,
          uniq_edmund
D:7:      layout_loops_ring, serial_shops, nicolae_shop_overgrown_old_shop,
          enter_ossuary_5, uniq_pikel, uniq_prince_ribbit1
D:8:      layout_cave_pools, mainiacjoe_overflow_cross_hatched, serial_shops,
          shop, shop, kb_lookout_dungeons_type
D:9:      layout_cave_pools, serial_shops, nicolae_stop_n_shop_1
Temple:   compressed_dpeg_triangle_lava_temple

Skill      XL: |  1  2  3  4  5  6  7  8  9 10 11 |
---------------+----------------------------------+-----
Stealth        | 2 3 4 5 6 7 |  7.1
Dodging        | 3 4 5 6 8 |  8.6
Spellcasting   | 10 11 | 11.5

Action                     |  1- 3 |  4- 6 |  7- 9 | 10-12 || total
---------------------------+-------+-------+-------+-------++-------
  Melee: Dagger            |    64 |    92 |    76 |    56 ||   288
         Punch             |       |     2 |     2 |       ||     4
   Cast: Summon Small Mamm |    15 |     5 |     2 |       ||    22
         Summon Lightning  |       |     6 |    23 |    29 ||    58
         Call Canine Famil |       |     1 |    18 |    21 ||    40
         Summon Guardian G |       |       |    13 |    19 ||    32
         Call Imp          |       |       |     5 |       ||     5
         Necrotise         |       |       |    10 |     4 ||    14
         Inner Flame       |       |       |     5 |       ||     5
 Invoke: Ancestor Life: He |       |       |       |     1 ||     1
    Use: Scroll            |     1 |     2 |    10 |     6 ||    19
         Potion            |       |     2 |       |    10 ||    12
   Stab: Sleeping          |     5 |       |     3 |       ||     8
         Distracted        |     1 |       |     2 |       ||     3
 Armour: Robe              |     9 |    21 |    10 |    14 ||    54
  Dodge: Dodged            |    41 |    88 |    90 |   145 ||   364

Table legend: (Time is in decaauts)
 A = Elapsed time spent in this place.
 B = Non-inter-level travel time spent in this place.
 C = Inter-level travel time spent in this place.
 D = Time resting spent in this place.
 E = Time spent auto-exploring this place.
 F = Levels seen in this place.
 G = Mean time per level.
                   A        B        C        D        E       F      G
               +--------+--------+--------+--------+--------+-----+--------+
         Total |  13161 |  12987 |    174 |   6522 |   3970 |  11 | 1196.5 |
       Dungeon |  12406 |  12241 |    165 |   6021 |   3970 |   9 | 1378.4 |
        Temple |     34 |     25 |      9 |      0 |      0 |   1 |   34.0 |
       Ossuary |    720 |    720 |      0 |    501 |      0 |   1 |  720.0 |
               +--------+--------+--------+--------+--------+-----+--------+

Top non-repeatable levels by time:
     D:3: 2323 daAuts
     D:4: 1993 daAuts
     D:6: 1887 daAuts
     D:8: 1822 daAuts
     D:7: 1605 daAuts
     D:5: 956 daAuts
 Ossuary: 720 daAuts
     D:9: 648 daAuts
     D:1: 602 daAuts
     D:2: 565 daAuts
  Temple: 34 daAuts
